 Dungeon Crawl Stone Soup version 0.28.0-53-g5a82cb258f (webtiles) character file.

Game seed: 1758519035048406560

13003 issech the Spear-Bearer (level 11, -4/89 HPs)
             Began as a Minotaur Monk on June 9, 2022.
             Was a Believer of Hepliaklqana.
             Slain by a warg (8 damage)
             ... on level 11 of the Dungeon.
             The game lasted 00:43:59 (12969 turns).

issech the Spear-Bearer (Minotaur Monk)            Turns: 12969, Time: 00:43:59

Health: -4/89      AC: 24    Str: 21    XL:     11   Next: 69%
Magic:  10/10      EV: 11    Int:  7    God:    Hepliaklqana [**....]
Gold:   803        SH:  0    Dex: 18    Spells: 10/10 levels left

rFire   . . .      SeeInvis .   S - +10 spear "Xiuheuq" {protect, rC+ rN+ Stlth+}
rCold   + . .      Faith    .   (no shield)
rNeg    + . .      Spirit   .   F - +0 chain mail
rPois   .          Reflect  .   (helmet restricted)
rElec   .          Harm     .   z - +0 cloak
rCorr   .          Rampage  .   (no gloves)
Will    .....                   (no boots)
Stlth   +.........              W - amulet of the acrobat
HPRegen 0.24/turn               r - +6 ring of strength
MPRegen 0.12/turn               p - +4 ring of protection

@: brilliant, about to teleport, under a protective aura
A: reduced essence, horns 2, retaliatory headbutt
a: Renounce Religion, Recall Ancestor, Ancestor Identity


You were on level 11 of the Dungeon.
You worshipped Hepliaklqana.
Hepliaklqana was pleased with you.
You visited 2 branches of the dungeon, and saw 12 of its levels.
You also visited: Sewer and Ice Cave.

You collected 803 gold pieces.

Inventory:

Hand Weapons
 f - a +2 mace of draining
 x - the +2 mace of Ewyfiuj {flame, rElec rPois rCorr Str-2}
   (You found it on level 2 of the Dungeon)

   It burns those it strikes, dealing additional fire damage.
   Str:       It affects your strength (-2).
   rElec:     It insulates you from electricity.
   rPois:     It protects you from poison.
   rCorr:     It protects you from acid and corrosion.
 I - a +1 hand crossbow
 P - a +4 dagger of chaos
 S - the +10 spear "Xiuheuq" (weapon) {protect, rC+ rN+ Stlth+}
   (You found it on level 6 of the Dungeon)

   It grants its wielder temporary protection when it strikes (+7 to AC).
   rC:        It protects you from cold.
   rN:        It protects you from negative energy.
   Stlth:     It makes you more stealthy.
 X - a +1 antimagic rapier
Missiles
 a - 3 silver boomerangs
 c - 85 bolts
 e - 142 arrows
 m - 231 stones (quivered)
 o - 63 sling bullets
 E - 3 curare-tipped darts
 G - 45 poisoned darts
 Z - 2 boomerangs
Armour
 w - a +3 ring mail of fire resistance
 z - a +0 cloak (worn)
 F - a +0 chain mail (worn)
Jewellery
 b - a ring of willpower
 d - a ring of fire
 n - a ring of wizardry
 p - a +4 ring of protection (right hand)
 r - a +6 ring of strength (left hand)
 A - a ring of resist corrosion
 M - a ring of resist corrosion
 R - an amulet of magic regeneration
 W - an amulet of the acrobat (around neck)
Wands
 g - a wand of mindburst (39)
 j - a wand of iceblast (2)
 u - a wand of polymorph (5)
 D - a wand of acid (13)
 N - a wand of charming (9)
Scrolls
 s - 2 scrolls of enchant armour
 v - 2 scrolls of fear
 y - a scroll of summoning
 C - 4 scrolls of teleportation
 Q - a scroll of silence
 U - a scroll of fog
 V - 4 scrolls of amnesia
Potions
 h - 4 potions of brilliance
 i - 2 potions of heal wounds {unknown}
 k - 2 potions of mutation {unknown}
 l - 2 potions of berserk rage {unknown}
 q - 4 potions of attraction {unknown}
 B - 3 potions of degeneration {unknown}
 H - 2 potions of resistance {unknown}
 J - a potion of haste {unknown}
 K - a potion of cancellation {unknown}
 O - 3 potions of invisibility {unknown}
 Y - 2 potions of curing
Miscellaneous
 t - a piece from Xom's chessboard (15/15)
 L - a piece from Xom's chessboard (15/15)
 T - a piece from Xom's chessboard (15/15)


   Skills:
 + Level 10.0 Fighting
 + Level 5.0(11.0) Axes
 + Level 8.9(9.5) Maces & Flails
 + Level 12.4(12.8) Polearms
 + Level 1.3 Throwing
 + Level 10.7 Armour
 + Level 6.8 Dodging
 + Level 3.5 Stealth


You had 10 spell levels left.
You didn't know any spells.
Your spell library contained the following spells:

 Spells                   Type           Power      Damage    Failure   Level
 Animate Skeleton         Necr           0%         N/A       96%         1
 Apportation              Tloc           0%         N/A       96%         1
 Sandblast                Erth           0%         2d4       96%         1
 Summon Small Mammal      Summ           0%         N/A       96%         1
 Blink                    Tloc           0%         N/A       99%         2
 Corpse Rot               Necr/Air       0%         N/A       99%         2
 Passwall                 Tmut/Erth      0%         N/A       99%         2
 Static Discharge         Conj/Air       0%         N/A       99%         2
 Sublimation of Blood     Necr           0%         N/A       99%         2
 Wereblood                Tmut           0%         N/A       99%         2
 Lesser Beckoning         Tloc           0%         N/A       100%        3
 Ozocubu's Armour         Ice            0%         N/A       100%        3
 Stone Arrow              Conj/Erth      0%         3d7       100%        3
 Animate Dead             Necr           0%         N/A       100%        4
 Dispel Undead            Necr           0%         3d6       100%        4
 Lightning Bolt           Conj/Air       0%         1d11      100%        5
 Manifold Assault         Tloc           0%         N/A       100%        5
 Death Channel            Necr           0%         N/A       100%        6
 Haunt                    Necr/Summ      0%         N/A       100%        7
 Ozocubu's Refrigeration  Ice            0%         4d5       100%        7
 Summon Hydra             Summ           0%         N/A       100%        7
 Infestation              Necr           0%         N/A       100%        8
 Maxwell's Capacitive Co  Air            0%         ∞         100%        8


Dungeon Overview and Level Annotations

Branches:
Dungeon (11/15)            Temple (1/1) D:4            Lair (0/6) D:10
  Sewer (visited)           IceCv (visited)
    Orc: D:9-12

Altars:
Ashenzari
Cheibriados
Dithmenos
Elyvilon
Fedhas
Gozag
Hepliaklqana
Kikubaaqudgha
Makhleb
Nemelex Xobeh
Okawaru
Qazlal
Ru
Sif Muna
Trog
Uskayaw
Vehumet
Wu Jian
Xom
Yredelemnul
Zin
The Shining One

Shops:
D:7 [   D:8 (


Innate Abilities, Weirdness & Mutations

Your life essence is reduced to manifest your ancestor. (-10% HP)
You have a pair of horns on your head.
You reflexively headbutt those who attack you in melee.


Message History

Amala hits the boulder beetle with a +0 quarterstaff.
You hit the boulder beetle but do no damage.
The boulder beetle is lightly wounded.
You hit the boulder beetle but do no damage.
Your headbutt misses the boulder beetle.
The boulder beetle is lightly wounded.
The boulder beetle bites you!
Amala points at the boulder beetle and mumbles some strange words.
The stone arrow hits the boulder beetle!
You strike the helpless boulder beetle from behind!
You hit the boulder beetle but do no damage.
The boulder beetle is moderately wounded.
The warg bites you but does no damage.
You hit the boulder beetle but do no damage.
The boulder beetle is moderately wounded.
The boulder beetle bites you!
* * * LOW HITPOINT WARNING * * *
Amala hits the boulder beetle with a +0 quarterstaff!!
As you read the scroll of teleportation, it crumbles to dust.
You feel strangely unstable. The warg bites you but does no damage.
The boulder beetle bites you!
* * * LOW HITPOINT WARNING * * *
The warg barely misses you.
Amala hits the boulder beetle but does no damage.
It was a potion of brilliance.
You feel clever all of a sudden. The warg closely misses you.
The boulder beetle leaps!
Amala gestures at the boulder beetle while chanting.
The puff of frost hits the boulder beetle!
You hit the warg. You headbutt the warg!
The warg is heavily wounded.
The warg bites you.
* * * LOW HITPOINT WARNING * * *
You hit the warg. Your headbutt misses the warg.
The warg is severely wounded.
Amala hits the warg with a +0 quarterstaff!
You hit the warg. Your headbutt misses the warg.
The warg is almost dead.
The warg bites you!
You die...

## #.... ##..### ...#....
..... >....... ##.≈..## #.
####.... ##≈#....## #.###
#.... ##≈#≈..#..# ...# #####
.. ##.#≈...#≈.# ###.#####..
..D #.≈....R#≈.# #......#..#
....#.)÷.÷h@#≈.# #^.....#.##
......).#####≈.###........##
.........≈≈≈≈≈...........(..
....##.........###.[....####
... #.........# #......# ..
#.........# #......#
########### #......#
#......# ########


You could see the friendly Amala the battlemage and a warg (ally target).

Vanquished Creatures
  3 two-headed ogres
  An ugly thing (IceCv)
  A cyclops (D:11)
  2 ice statues (IceCv)
  Maggie (D:8)
  A kobold demonologist (D:9)
  Psyche (D:9)
  2 rime drakes (D:11)
  A freezing wraith (IceCv)
  An entropy weaver simulacrum (IceCv)
  Grinder (D:4)
  Prince Ribbit (D:7)
  7 yaks (D:10)
  Sigmund (D:6)
  A centaur simulacrum (D:11)
  A dire elephant simulacrum (IceCv)
  2 wyverns
  A vampire (D:10)
  A basilisk (D:10)
  Eustachio (D:4)
  2 steam dragons
  A harpy simulacrum (IceCv)
  A death yak simulacrum (IceCv)
  2 water moccasins
  An orc warrior (D:11)
  2 black bears
  An ice beast (D:11)
  2 necrophages (D:5)
  An ogre (D:4)
  3 centaurs
  5 kobold brigands
  2 bullfrogs (D:7)
  2 wyvern zombies (D:7)
  2 scorpions
  A water moccasin skeleton (D:4)
  An elephant simulacrum (IceCv)
  8 killer bees
  6 centaur zombies
  2 hounds
  A gnoll shaman (D:5)
  2 orc priests
  Crazy Yiuf (D:2)
  Jessica (D:2)
  4 iguanas
  Natasha (thrice) (D:4)
  4 orc wizards
  A polar bear simulacrum (IceCv)
  A killer bee zombie (D:7)
  A wolf simulacrum (IceCv)
  A hound skeleton (D:5)
  A howler monkey zombie (D:6)
  7 gnolls
  6 adders
  4 river rats (Sewer)
  A shadow imp (D:5)
  2 white imps (D:7)
  An adder skeleton (D:4)
  2 worms
  4 dart slugs
  16 orcs
  10 bats
  8 endoplasms
  5 giant cockroaches
  6 goblins
  12 hobgoblins
  4 jackals (D:1)
  4 quokkas
  14 ball pythons
  2 frilled lizards
  26 kobolds
  23 rats
254 creatures vanquished.

Vanquished Creatures (collateral kills)
  An ice statue (IceCv)
  2 centaur simulacra (D:11)
  A kobold brigand (D:10)
  An orc wizard (D:11)
  An orc (D:11)
6 creatures vanquished.

Vanquished Creatures (others)
  A battlemage (IceCv)
  4 fungi
  10 plants
15 creatures vanquished.

Grand Total: 275 creatures vanquished

Notes
Turn   | Place    | Note
-------+----------+-------------------------------------------
     0 | D:1      | issech the Minotaur Monk began the quest for the Orb.
     0 | D:1      | Reached XP level 1. HP: 19/19 MP: 0/0
    57 | D:1      | Reached XP level 2. HP: 20/27 MP: 1/1
   692 | D:1      | Reached XP level 3. HP: 29/33 MP: 2/2
  1595 | D:2      | Found a runed translucent door.
  1596 | D:2      | Noticed Crazy Yiuf
  1631 | D:2      | Noticed Jessica
  1638 | D:2      | Killed Jessica
  1639 | D:2      | Reached XP level 4. HP: 14/41 MP: 3/3
  2181 | D:3      | Reached skill level 5 in Axes
  2303 | D:3      | Found a faded altar of an unknown god.
  2359 | D:3      | Found a sacrificial altar of Ru.
  2592 | D:3      | Found a white marble altar of Elyvilon.
  2731 | D:3      | Found a glowing silver altar of Zin.
  2731 | D:3      | Noticed an angel
  2928 | D:4      | Reached XP level 5. HP: 47/47 MP: 4/4
  3149 | D:4      | Noticed Natasha
  3155 | D:4      | Killed Natasha
  3188 | D:4      | Noticed an ogre
  3190 | D:4      | Killed an ogre
  3191 | D:4      | Reached skill level 1 in Armour
  3191 | D:4      | Reached XP level 6. HP: 55/55 MP: 5/5
  3216 | D:4      | Found a snail-covered altar of Cheibriados.
  3364 | D:2      | Killed Crazy Yiuf
  3382 | D:2      | Identified the +2 mace of Ewyfiuj {flame, rElec rPois rCorr
                  | Str-2}
  3514 | D:4      | Noticed Eustachio
  3530 | D:4      | Killed Eustachio
  3531 | D:4      | Reached skill level 5 in Fighting
  3531 | D:4      | Noticed Natasha
  3541 | D:4      | Killed Natasha
  4004 | D:4      | Reached XP level 7. HP: 61/61 MP: 6/6
  4071 | D:4      | Noticed Natasha
  4080 | D:4      | Killed Natasha
  4207 | D:4      | Found a staircase to the Ecumenical Temple.
  4207 | D:4      | Noticed Grinder
  4223 | D:4      | Killed Grinder
  4224 | D:4      | Reached skill level 5 in Maces & Flails
  4236 | Temple   | Entered the Ecumenical Temple
  4865 | D:5      | Entered Level 5 of the Dungeon
  4909 | D:5      | Found a glowing drain.
  4925 | Sewer    | Entered a sewer
  5190 | Sewer    | Reached skill level 1 in Throwing
  5472 | Sewer    | Reached skill level 5 in Dodging
  5472 | Sewer    | Reached XP level 8. HP: 58/70 MP: 7/7
  5913 | D:5      | Reached skill level 5 in Armour
  6648 | D:6      | Identified the +10 spear "Xiuheuq" {protect, rC+ rN+
                  | Stlth+}
  6656 | D:6      | Noticed Sigmund
  6666 | D:6      | Killed Sigmund
  7085 | D:7      | Found Pogih's Armour Emporium.
  7136 | D:7      | Reached XP level 9. HP: 41/79 MP: 8/8
  7447 | D:7      | Reached skill level 1 in Polearms
  7515 | D:7      | Reached skill level 2 in Polearms
  7640 | D:7      | Noticed Prince Ribbit
  7648 | D:7      | Reached skill level 3 in Polearms
  7651 | D:7      | Killed Prince Ribbit
  7920 | D:8      | Noticed a two-headed ogre
  7987 | D:8      | Reached skill level 4 in Polearms
  8018 | D:10     | Entered Level 10 of the Dungeon
  8126 | D:10     | Noticed a two-headed ogre
  8136 | D:10     | Killed a two-headed ogre
  8137 | D:10     | Reached skill level 5 in Polearms
  8450 | D:8      | Reached skill level 6 in Polearms
  8459 | D:8      | HP: 4/81 [poisoned by an orc]
  8889 | D:9      | Noticed a kobold demonologist
  8898 | D:9      | Killed a kobold demonologist
  8899 | D:9      | Reached XP level 10. HP: 87/88 MP: 9/9
  8919 | D:9      | Reached skill level 7 in Polearms
  9178 | D:9      | Noticed Psyche
  9181 | D:9      | Found a blossoming altar of Fedhas.
  9187 | D:9      | Killed Psyche
  9365 | D:9      | Found a hazy altar of Hepliaklqana.
  9367 | D:9      | Found a broken altar of Ashenzari.
  9396 | D:8      | Noticed Maggie
  9405 | D:8      | Found Zalo's Weapon Boutique.
  9498 | D:8      | Killed Maggie
  9758 | D:8      | Reached skill level 8 in Polearms
  9947 | D:8      | Killed a two-headed ogre
 10734 | D:10     | Reached skill level 9 in Polearms
 10964 | D:10     | Reached skill level 10 in Polearms
 11097 | D:10     | Found a staircase to the Lair.
 11172 | D:10     | Found a shimmering altar of Xom.
 11223 | D:10     | Reached XP level 11. HP: 89/95 MP: 10/10
 11271 | D:10     | Noticed a two-headed ogre
 11282 | D:10     | Killed a two-headed ogre
 11683 | D:9      | Found a bloodstained altar of Trog.
 11683 | D:9      | Found a glowing golden altar of the Shining One.
 11712 | D:9      | Became a worshipper of Hepliaklqana the Forgotten
 11712 | D:9      | Reached * piety under Hepliaklqana
 11712 | D:9      | Reached ** piety under Hepliaklqana
 11713 | D:9      | Remembered your ancestor Amala as a battlemage
 11739 | D:10     | Reached skill level 11 in Polearms
 12325 | D:11     | Found a frozen archway.
 12326 | D:11     | Noticed a boulder beetle
 12339 | IceCv    | Entered an ice cave
 12349 | IceCv    | Reached skill level 10 in Armour
 12708 | IceCv    | Reached skill level 12 in Polearms
 12724 | IceCv    | Noticed a white ugly thing
 12745 | IceCv    | Killed a white ugly thing
 12746 | IceCv    | Reached skill level 10 in Fighting
 12967 | D:11     | HP: 3/89 [warg (5)]
 12969 | D:11     | Slain by a warg

Illustrated notes

Levels and vault maps discovered:
D:1:      lemuel_arrival_cross, layout_rooms, hex_large,
          hangedman_decor_opposing, st_stairs_3, minmay_surrounded
D:2:      layout_loops_cross, uniq_jessica, uniq_crazy_yiuf_cottage
D:3:      layout_loops_ring, zin_angel, mainiacjoe_overflow_cross_hatched,
          nicolae_elyvilon_temple_path, shapermc_ecumenical_altar_mp_ritualfount
D:4:      layout_loops_cross, slow_altar_1, temple_hall, hangedman_glass_teeth,
          uniq_grinder, uniq_natasha, uniq_eustachio
D:5:      layout_cave_pools, gup_sewer_entry_pipe, kennysheep_nub,
          hellmonk_bongcloud_opening, chequers_hall_statues_corner_a,
          minmay_misc_feat_x
D:6:      layout_rooms, uniq_sigmund
D:7:      layout_rooms, serial_shops, nicolae_shop_behind_doors,
          uniq_prince_ribbit1
D:8:      layout_basic, serial_shops, shop, uniq_maggie
D:9:      layout_rooms, nicolae_overflow_hidden_temple, enter_bailey_5,
          uniq_psyche
D:10:     minmay_angry_zag, layout_loops_corners, xom_butterflies,
          minmay_lair_entry_grove, dk_noncrumbling_3
D:11:     layout_rooms, david_orc_3, serial_ice, serial_ice_i, serial_ice_a,
          serial_ice_g, serial_ice_e, portal_ice_cave_rime
Temple:   minmay_temple_forest_path

Skill      XL: |  1  2  3  4  5  6  7  8  9 10 11 |
---------------+----------------------------------+-----
Fighting       | 4 5 6 7 8 10 | 10.0
Axes           | 4 5 |  5.0
Dodging        | 4 5 6 |  6.8
Stealth        | 2 3 |  3.5
Maces & Flails | 2 4 6 8 |  8.9
Armour         | 1 2 4 5 7 9 10 | 10.7
Throwing       | 1 |  1.3
Polearms       | 6 10 12 | 12.4

Action                   |  1- 3 |  4- 6 |  7- 9 | 10-12 || total
-------------------------+-------+-------+-------+-------++-------
Melee: Hand axe          |    70 |       |       |       ||    70
       Headbutt          |    11 |    14 |    47 |    88 ||   160
       Mace              |    14 |    79 |   175 |       ||   268
       Punch             |     1 |     3 |     2 |     7 ||    13
       Spear             |       |       |   105 |   301 ||   406
Throw: Stone             |       |     5 |     9 |     4 ||    18
Invok: Recall Ancestor   |       |       |       |     1 ||     1
       Ancestor Life: Ba |       |       |       |     1 ||     1
  Use: Scroll            |       |       |     7 |     4 ||    11
       Potion            |       |       |       |     2 ||     2
 Stab: Sleeping          |     1 |     1 |       |       ||     2
       Distracted        |       |       |       |     2 ||     2
Armor: Robe              |    24 |       |       |       ||    24
       Ring mail         |       |    13 |       |       ||    13
       Scale mail        |       |     8 |    98 |       ||   106
       Chain mail        |       |       |    40 |   143 ||   183
Dodge: Dodged            |    90 |    50 |   194 |   129 ||   463
